 Dungeon Crawl Stone Soup version 0.23.2-1-ga50397a (webtiles) character file.

Game seed: 637497500780414779

1277880 dvd the Meteorologist (level 27, -4/175 HPs)
             Began as a Tengu Air Elementalist on May 27, 2019.
             Was the Champion of Vehumet.
             Killed from afar by a Brimstone Fiend (34 damage)
             ... with damnation
             ... created by the effects of Hell
             ... on level 7 of Gehenna on June 1, 2019.
             The game lasted 10:31:45 (94983 turns).

dvd the Meteorologist (Tengu Air Elementalist)     Turns: 94983, Time: 10:31:46

Health: -4/175     AC: 14    Str: 23      XL:     27
Magic:  5/55       EV: 29    Int: 33      God:    Vehumet [******]
Gold:   12140      SH: 21    Dex: 13 (17) Spells: 3/80 levels left

rFire    + + .     SeeInvis +   J - staff of air
rCold    + + +     Gourm    .   k - +5 shield {reflect}
rNeg     + + .     Faith    .   Y - +4 skin of Zhor {Hibernate rC+++ SInv}
rPois    +         Spirit   .   K - +4 hat of the Chupacabra {*Slow rElec Regen+ rCorr}
rElec    +         Reflect  +   H - +2 cloak {MR+}
rCorr    +         Harm     .   Z - +0 pair of gloves "Zidat" {rPois rF+}
MR       ++++.                  (boots unavailable)
Stlth    ++++......             f - amulet of regeneration
HPRegen  0.00/turn              S - ring "Comp" {rCorr +Inv rF+ MR+ Int+4}
MPRegen  0.34/turn              l - ring "Wegecayff" {*Corrode rPois rN++ Str+9}

@: mighty, brilliant, aura of abjuration, flying quickly and evasively, studying
Short Blades, deflect missiles, quick
A: antennae 1, beak, talons 3, blurry vision 1, cold resistance 1, dopey 1,
screaming 1, inhibited regeneration, subdued magic 1, able to fly
}: 13/15 runes: decaying, slimy, silver, iron, icy, bone, abyssal, demonic,
glowing, magical, fiery, dark, gossamer
a: Stop Flying, Renounce Religion, Evoke Invisibility


You were on level 7 of Gehenna.
You worshipped Vehumet.
Vehumet was exalted by your worship.
You were hungry.

You visited 17 branches of the dungeon, and saw 86 of its levels.
You visited Pandemonium 1 time, and saw 13 of its levels.
You visited the Abyss 3 times.
You visited 1 ziggurat, and saw 17 of its levels.
You also visited: Ice Cave and Volcano.

You collected 16923 gold pieces.
You spent 4783 gold pieces at shops.

Inventory:

Hand Weapons
 A - the +5 short sword of Subjectivity {pierce, rElec MR+ Int+4 Dex-5}
   (You found it on level 3 of the Depths)

   It inflicts extra damage upon your enemies.
   It affects your intelligence (+4).
   It affects your dexterity (-5).
   It insulates you from electricity.
   It affects your resistance to hostile enchantments.
Armour
 i - the quicksilver dragon scales "Ralloh" {+Fly rElec MR+ rCorr}
   (You found it in Pandemonium)

   It insulates you from electricity.
   It affects your resistance to hostile enchantments.
   It lets you fly.
   It provides partial protection from all sources of acid and corrosion.
 k - a +5 shield of reflection (worn)
 D - a scarf of resistance
 H - a +2 cloak of magic resistance (worn)
 K - the +4 hat of the Chupacabra (worn) {*Slow rElec Regen+ rCorr}
   (You acquired it on level 3 of the Spider Nest)

   It insulates you from electricity.
   It increases your rate of regeneration.
   It provides partial protection from all sources of acid and corrosion.
   It may slow you when you take damage.
 P - the +9 fire dragon scales of Levity {-Tele rF++ rC- Dex+4 Slay+5}
   (You found it on level 10 of a ziggurat)

   It affects your dexterity (+4).
   It affects your accuracy and damage with ranged weapons and melee attacks
   (+5).
   It greatly protects you from fire.
   It makes you vulnerable to cold.
   It prevents most forms of teleportation.
 Y - the +4 skin of Zhor (worn) {Hibernate rC+++ SInv}
   (You took it off a yaktaur on level 15 of the Dungeon)

   It renders you almost immune to cold.
   It lets you see invisible.
 Z - the +0 pair of gloves "Zidat" (worn) {rPois rF+}
   (You found it on level 4 of the Depths)

   It protects you from fire.
   It protects you from poison.
Magical Staves
 J - an uncursed staff of air (weapon)
Jewellery
 e - the ring of Log Jiom {Wiz Int+4 Dex+3}
   (You found it on level 7 of Tartarus)

   [ring of wizardry]

   It improves your spell success rate.
   It affects your intelligence (+4).
   It affects your dexterity (+3).
 f - an amulet of regeneration (around neck)
 l - the ring "Wegecayff" (right hand) {*Corrode rPois rN++ Str+9}
   (You bought it in a shop on level 2 of the Orcish Mines)

   [ring of poison resistance]

   It affects your strength (+9).
   It protects you from poison.
   It greatly protects you from negative energy.
   It may corrode you when you take damage.
 v - the ring of Koat {rN+ MR+ MP+9 Slay-3}
   (You found it on level 7 of a ziggurat)

   [ring of magical power]

   It affects your accuracy and damage with ranged weapons and melee attacks
   (-3).
   It protects you from negative energy.
   It affects your resistance to hostile enchantments.
   It affects your magic capacity (+9).
 z - the ring of Bawkiriu {AC+5 Str+5}
   (You took it off a yaktaur captain on level 3 of the Depths)

   [ring of protection]

   It affects your AC (+5).
   It affects your strength (+5).
 E - the ring "Eqe Muar" {MR+ Int+4}
   (You found it on level 11 of a ziggurat)

   [ring of protection from magic]

   It affects your intelligence (+4).
   It affects your resistance to hostile enchantments.
 L - the ring of Tyshrel {rElec rC- Str+4 Int+2 Dex+3}
   (You found it on level 5 of the Vaults)

   [ring of strength]

   It affects your strength (+4).
   It affects your intelligence (+2).
   It affects your dexterity (+3).
   It makes you vulnerable to cold.
   It insulates you from electricity.
 O - a +2 ring of intelligence
 S - the ring "Comp" (left hand) {rCorr +Inv rF+ MR+ Int+4}
   (You found it on level 11 of a ziggurat)

   [ring of resist corrosion]

   It affects your intelligence (+4).
   It protects you from fire.
   It affects your resistance to hostile enchantments.
   It lets you turn invisible.
 U - the ring "Teickabb" {+Blink rPois rC+ Str+5}
   (You took it off a balrug in Pandemonium)

   [ring of protection from cold]

   It affects your strength (+5).
   It protects you from cold.
   It protects you from poison.
   It lets you blink.
 X - the ring "Piledwegh" {rN+ Int+4 SInv}
   (You found it on level 11 of a ziggurat)

   [ring of see invisible]

   It affects your intelligence (+4).
   It protects you from negative energy.
   It lets you see invisible.
Wands
 a - a wand of paralysis (53)
 b - a wand of iceblast (62)
 h - a wand of digging (9)
 t - a wand of clouds (16)
 w - a wand of flame (146)
 x - a wand of disintegration (7)
 M - a wand of acid (61)
 R - a wand of scattershot (11)
Scrolls
 m - 28 scrolls of teleportation
 o - 21 scrolls of identify
 q - 7 scrolls of blinking
 r - 28 scrolls of remove curse
 y - 7 scrolls of amnesia
 F - 6 scrolls of magic mapping
 G - 15 scrolls of fear
 I - 9 scrolls of fog
 V - 2 scrolls of holy word
Potions
 d - 3 potions of agility
 g - 8 potions of resistance
 j - 10 potions of heal wounds
 n - 2 potions of haste
 p - 9 potions of brilliance
 s - a potion of magic
 u - 17 potions of curing
 B - 6 potions of ambrosia
 C - 6 potions of might
 W - 2 potions of mutation
Books
 N - a manual of Short Blades
Miscellaneous
 T - a crystal ball of energy
Comestibles
 c - 37 rations


   Skills:
 * Level 18.5 Fighting
 + Level 5.4 Short Blades
   Level 0.5(8.4) Maces & Flails
 + Level 12.9 Staves
 + Level 1.4 Armour
 + Level 19.6 Dodging
 + Level 9.9 Stealth
 + Level 20.5 Shields
 O Level 27 Spellcasting
 O Level 27 Conjurations
 + Level 9.1 Charms
 + Level 12.2 Summonings
 + Level 10.3 Necromancy
 + Level 5.2 Translocations
 * Level 22.1 Fire Magic
 * Level 15.2 Ice Magic
 O Level 27 Air Magic
 + Level 11.6 Earth Magic
 * Level 23.3 Evocations


You had 3 spell levels left.
You knew the following spells:

 Your Spells              Type           Power        Failure   Level  Hunger
a - Aura of Abjuration    Summ           #######...   1%          5    None
c - Airstrike             Air            ########..   0%          4    None
d - Lightning Bolt        Conj/Air       ########..   0%          5    None
e - Chain Lightning       Conj/Air       ########..   0%          8    None
f - Deflect Missiles      Chrm/Air       ########..   0%          6    None
g - Lehudib's Crystal Sp  Conj/Erth      #######...   1%          8    None
h - Ignition              Fire           ########..   1%          8    None
i - Blink                 Tloc           N/A          1%          2    None
j - Tornado               Air            ########..   1%          9    ###....
k - Regeneration          Chrm/Necr      #######...   0%          3    None
l - Glaciate              Conj/Ice       ########..   1%          9    ###....
m - Apportation           Tloc           ######       1%          1    None
n - Fire Storm            Conj/Fire      ########..   1%          9    ###....

Your spell library contained the following spells:

 Spells                   Type           Power        Failure   Level  Hunger
 Animate Skeleton         Necr           N/A          0%          1    None
 Flame Tongue             Conj/Fire      #####        0%          1    None
 Freeze                   Ice            ####         0%          1    None
 Infusion                 Chrm           ####         0%          1    None
 Magic Dart               Conj           ####         0%          1    None
 Pain                     Necr           ####         0%          1    None
 Sandblast                Erth           ######       0%          1    None
 Shock                    Conj/Air       ####         0%          1    None
 Sting                    Conj/Pois      ####         0%          1    None
 Summon Butterflies       Summ           #######.     0%          1    None
 Summon Small Mammal      Summ           ####         0%          1    None
 Call Imp                 Summ           #######.     0%          2    None
 Corpse Rot               Necr           N/A          0%          2    None
 Ensorcelled Hibernation  Hex/Ice        ######       0%          2    None
 Poisonous Vapours        Pois/Air       ######       0%          2    None
 Searing Ray              Conj           ######       0%          2    None
 Shroud of Golubria       Chrm/Tloc      ######....   0%          2    None
 Song of Slaying          Chrm           #######.     0%          2    None
 Sublimation of Blood     Necr           #######...   0%          2    None
 Swiftness                Chrm/Air       ########     0%          2    None
 Throw Frost              Conj/Ice       ######       0%          2    None
 Call Canine Familiar     Summ           #######.     0%          3    None
 Conjure Flame            Conj/Fire      ########     0%          3    None
 Dazzling Spray           Conj/Hex       ######       0%          3    None
 Inner Flame              Hex/Fire       #######.     0%          3    None
 Mephitic Cloud           Conj/Pois/Air  ########     0%          3    None
 Ozocubu's Armour         Chrm/Ice       #######.     0%          3    None
 Recall                   Summ/Tloc      N/A          0%          3    None
 Static Discharge         Conj/Air       ########     0%          3    None
 Stone Arrow              Conj/Erth      ######       0%          3    None
 Vampiric Draining        Necr           #######...   0%          3    None
 Beastly Appendage        Tmut           #####.       1%          1    None
 Confusing Touch          Hex            #####.       1%          1    None
 Corona                   Hex            #####..      1%          1    None
 Passwall                 Tmut/Erth      ######..     1%          2    None
 Slow                     Hex            #####...     1%          2    None
 Sticks to Snakes         Tmut           #####...     1%          2    None
 Confuse                  Hex            #####...     1%          3    None
 Gell's Gravitas          Tloc           ######....   1%          3    None
 Ignite Poison            Fire/Tmut/Pois ######..     1%          3    None
 Lesser Beckoning         Tloc           ######....   1%          3    None
 Portal Projectile        Hex/Tloc       ######       1%          3    None
 Spectral Weapon          Hex/Chrm       ######..     1%          3    None
 Spider Form              Tmut/Pois      #####.....   1%          3    None
 Summon Guardian Golem    Hex/Summ       ######..     1%          3    None
 Tukima's Dance           Hex            #####...     1%          3    None
 Force Lance              Conj/Tloc      #######.     0%          4    None
 Fulminant Prism          Conj/Hex       #######...   0%          4    None
 Iskenderun's Mystic Bla  Conj           ########     0%          4    None
 Sticky Flame             Conj/Fire      ########     0%          4    None
 Summon Ice Beast         Ice/Summ       #######.     0%          4    None
 Summon Lightning Spire   Summ/Air       ########     0%          4    None
 Throw Icicle             Conj/Ice       ########     0%          4    None
 Bolt of Draining         Conj/Necr      #######...   0%          5    None
 Bolt of Magma            Conj/Fire/Erth ########..   0%          5    None
 Fireball                 Conj/Fire      ########..   0%          5    None
 Iskenderun's Battlesphe  Conj/Chrm      #######.     0%          5    None
 Bolt of Cold             Conj/Ice       ########..   0%          6    None
 Bolt of Fire             Conj/Fire      ########..   0%          6    None
 Conjure Ball Lightning   Conj/Air       ########..   0%          6    None
 Freezing Cloud           Conj/Ice/Air   ########..   0%          6    None
 Iron Shot                Conj/Erth      #######...   0%          6    None
 Orb of Destruction       Conj           ########..   0%          7    None
 Animate Dead             Necr           N/A          1%          4    None
 Cause Fear               Hex            #####.....   1%          4    None
 Ice Form                 Ice/Tmut       ######..     1%          4    None
 Leda's Liquefaction      Hex/Erth       ######....   1%          4    None
 Olgreb's Toxic Radiance  Pois           #####...     1%          4    None
 Passage of Golubria      Tloc           N/A          1%          4    None
 Petrify                  Tmut/Erth      ######..     1%          4    None
 Agony                    Necr           #######.     1%          5    None
 Alistair's Intoxication  Tmut/Pois      #####...     1%          5    None
 Blade Hands              Tmut           #####.....   1%          5    None
 Borgnjor's Vile Clutch   Necr/Erth      #######...   1%          5    None
 Dispel Undead            Necr           #######.     1%          5    None
 Excruciating Wounds      Chrm/Necr      #######...   1%          5    None
 Irradiate                Conj/Tmut      #######...   1%          5    None
 Lee's Rapid Deconstruct  Erth           #######...   1%          5    None
 Metabolic Englaciation   Hex/Ice        ######....   1%          5    None
 Silence                  Hex/Air        ########..   1%          5    None
 Summon Demon             Summ           #######...   1%          5    None
 Summon Forest            Summ/Tloc      #######...   1%          5    None
 Summon Mana Viper        Hex/Summ       ######..     1%          5    None
 Venom Bolt               Conj/Pois      #######...   1%          5    None
 Yara's Violent Unravell  Hex/Tmut       #####.....   1%          5    None
 Death Channel            Necr           #######...   1%          6    None
 Dispersal                Tloc           ######....   1%          6    None
 Ozocubu's Refrigeration  Ice            #######...   1%          6    None
 Poison Arrow             Conj/Pois      #######...   1%          6    None
 Shadow Creatures         Summ           N/A          1%          6    None
 Simulacrum               Ice/Necr       #######...   1%          6    None
 Statue Form              Tmut/Erth      ######...    1%          6    None
 Haunt                    Necr/Summ      #######...   1%          7    None
 Malign Gateway           Summ/Tloc      #######...   1%          7    None
 Ring of Flames           Chrm/Fire      #######...   1%          7    None
 Spellforged Servitor     Conj/Summ      #######...   1%          7    None
 Summon Hydra             Summ           #######...   1%          7    None
 Borgnjor's Revivificati  Necr           #######...   4%          8    None
 Infestation              Necr           #######...   4%          8    None
 Death's Door             Chrm/Necr      #######...   6%          8    None
 Darkness                 Hex            #####.....   8%          6    None
 Hydra Form               Tmut           #####.....   8%          6    None
 Invisibility             Hex            #####...     8%          6    None
 Dragon's Call            Summ           #######...   28%         9    ###....
 Controlled Blink         Tloc           N/A          32%         8    None
 Disjunction              Tloc           ######....   32%         8    None
 Necromutation            Tmut/Necr      ######....   32%         8    None
 Dragon Form              Tmut           #####.....   34%         7    None
 Shatter                  Erth           #######...   34%         9    ###....
 Discord                  Hex            #####.....   91%         8    None


Dungeon Overview and Level Annotations

Branches:
Dungeon (15/15)            Temple (1/1) D:4            Lair (6/6) D:11
  Swamp (4/4) Lair:2       Spider (4/4) Lair:3        Slime (5/5) Lair:6
    Orc (2/2) D:9             Elf (3/3) Orc:2        Vaults (5/5) D:13
  Crypt (3/3) Vaults:3       Tomb (0/3) Crypt:3      Depths (5/5) D:15
   Hell (1/1)                 Dis (7/7) Hell            Geh (7/7) Hell
    Coc (7/7) Hell            Tar (7/7) Hell            Zot (4/5) Depths:5

Altars:
Ashenzari
Cheibriados
Dithmenos
Elyvilon
Fedhas
Gozag
Hepliaklqana
Kikubaaqudgha
Makhleb
Nemelex Xobeh
Okawaru
Qazlal
Ru
Sif Muna
Trog
Uskayaw
Vehumet
Wu Jian
Xom
Yredelemnul
Zin
The Shining One

Shops:
D:12 }[*:   Orc:2 (*=(   Elf:1 [!(}   Elf:2 =   Vaults:3 [   Vaults:4 %
Depths:2 :*

Portals:
Hell: Depths:1 Depths:2 Depths:3 Depths:4 Depths:5
Abyss: Depths:4 Depths:5
Pandemonium: Depths:3

Annotations:
Geh:7 Asmodeus


Innate Abilities, Weirdness & Mutations

You have a beak for a mouth.
You have claws for feet.
You can fly continuously.
You have a pair of small antennae on your head.
Scrolls take you a little longer to read.
Your flesh is cold resistant. (rC+)
You are dopey. (Int -2)
You occasionally shout uncontrollably at your foes.
You do not regenerate when monsters are visible.
Your spells are a little easier to cast, but a little less powerful.


Message History

The sphere of damnation explodes!
The damnation engulfs you!!!
* * * LOW HITPOINT WARNING * * *
The damnation engulfs the Brimstone Fiend.
The Brimstone Fiend completely resists.
The damnation engulfs Asmodeus.
Asmodeus completely resists.
Unknown command.
Unknown command.
Really read with blurry vision while enemies are nearby?
Uppercase [Y]es or [N]o only, please.
Really read with blurry vision while enemies are nearby?
Uppercase [Y]es or [N]o only, please.
Really read with blurry vision while enemies are nearby?
Okay, then.
Unknown command.
Casting: Chain Lightning (safe; 0% risk of failure)
Confirm with . or Enter, or press ? or * to list all spells.
You blink.
The Brimstone Fiend gestures at you.
The sphere of damnation explodes!
The damnation engulfs you!!
You die...

..#.).[..}.#'#################,,,
..########'#.............#,,,,,,,
..#......'.#.............#,,,,,,,
.)#......#.#.............#,,≈≈,,,
..#......#.#############'#,≈≈≈,,,
..#......#..'..)).....)..#,≈≈,,,≈
..#########'##############,,,,,≈≈
..)......##..........#*,,,,,,,,≈≈
≈≈.......###....@....#*,,,,,,§≈§§
§§≈.§§....##.....1...#*,,,,≈≈≈§≈§
§§≈≈≈§§...########○###*,,≈≈§≈§≈≈≈
§§≈≈≈§§§..##*****#&#***,,≈≈≈≈≈≈≈≈
§§≈≈≈≈§§≈..##.§§§○§##...≈≈≈≈§≈≈≈≈
≈≈§§§≈§≈...##φ§§☼§§##....≈≈≈≈≈≈≈§
§≈§≈§≈≈≈...##.§§☼§☼##.§.§≈≈≈≈≈≈≈≈
§§≈≈§≈≈≈≈..##########..§§§≈≈≈≈≈≈≈
≈≈≈§§≈≈≈≈≈.##########.§§≈≈≈≈≈≈≈≈≈


You could see Asmodeus (wandering) and a Brimstone Fiend.

Vanquished Creatures
  Cerebov (Pan)
  Antaeus (Coc:7)
  the Royal Jelly (Slime:5)
  Ereshkigal (Tar:7)
  Lom Lobon (Pan)
  Gloorx Vloq (Pan)
  the Serpent of Hell (Coc:7)
  Mnoleg (Pan)
  A seraph (Pan)
  6 ancient liches
  Dispater (Dis:7)
  An orb of fire (Zot:3)
  Mennas (Pan)
  Mara (Elf:3)
  7 juggernauts
  The ghost of Iliok the Crack Shot, a veteran CeHu of Okawaru (Zot:2)
  A greater mummy (Zig:8)
  Boris (Depths:5)
  A Killer Klown (Zot:4)
  Frederick (Crypt:1)
  9 shard shrikes
  Bai Suzhen (Depths:1)
  Xtahua (Vaults:2)
  Margery (Crypt:1)
  Geryon (Hell)
  3 caustic shrikes
  A curse toe (Zot:4)
  11 golden dragons
  A pandemonium lord (Pan)
  12 Brimstone Fiends
  17 doom hounds
  32 bone dragons
  A hellephant (Abyss:3)
  10 liches
  30 Tzitzimimeh
  6 iron giants
  9 Ice Fiends
  11 tentacled monstrosities
  Jorgrun (Swamp:2)
  2 deep elf blademasters
  9 Hell Sentinels
  Asterion (Vaults:1)
  4 titans
  4 quicksilver dragons
  4 eldritch tentacles
  22 Executioners
  4 deep elf master archers (Elf:3)
  8 sphinxes
  28 acid blobs
  2 thorn hunters
  5 death cobs
  17 ancient champions
  Agnes (Spider:3)
  13 shadow dragons
  16 storm dragons
  2 warmongers (Pan)
  4 tentacled starspawn
  5 revenants
  Donald (Spider:3)
  Kirke (Elf:1)
  9 tengu reavers
  10 draconian monks
  21 vault wardens
  4 daevas (Pan)
  25 azure jellies
  16 fire giants
  A blood saint (Pan)
  11 deep elf sorcerers
  7 emperor scorpions
  11 iron dragons
  Aizul (Swamp:1)
  3 orc warlords
  6 deep elf elementalists
  5 draconian scorchers
  9 draconian knights
  32 balrugs
  11 frost giants
  28 cacodemons
  7 ghost moths
  10 angels
  4 curse skulls
  6 ghouls
  8 draconian annihilators
  8 war gargoyles
  3 elemental wellsprings
  2 draconian stormcallers (Zig:7)
  75 reapers
  13 ironheart preservers
  23 very ugly things
  3 draconian shifters
  8 ophanim
  26 stone giants
  11 vampire knights
  4 apis (Pan)
  18 green draconians
  6 entropy weavers
  14 black draconians
  7 deep elf demonologists
  5 lorocyprocas
  The ghost of Ofest the Protected, a journeyman KoWn of Wu Jian (Lair:4)
  3 dire elephants (Zig:10)
  8 purple draconians
  4 corrupters
  6 white draconians
  11 deep elf annihilators
  13 spark wasps
  7 yellow draconians
  3 black suns (Pan)
  A dire elephant (shapeshifter) (Vaults:5)
  10 red draconians
  18 ettins
  15 deep elf death magi
  5 eidola
  Snorg (D:13)
  13 green deaths
  23 blizzard demons
  2 mummy priests (Zig:8)
  18 yaktaur captains
  9 jiangshi
  8 death oozes
  3 crystal guardians (Crypt:3)
  10 deep elf high priests
  12 fire dragons
  2 merfolk impalers (Depths:4)
  23 great orbs of eyes
  33 vault guards
  18 hydras
  8 quicksilver dragon zombies
  Erolcha (D:10)
  6 monstrous demonspawn (Pan)
  6 quicksilver dragon skeletons
  A juggernaut simulacrum (Pan)
  16 rakshasas
  2 hell beasts (Dis:7)
  A ghost crab (Swamp:3)
  5 centaur warriors
  A catoblepas (Vaults:2)
  A catoblepas (shapeshifter) (Depths:4)
  2 shambling mangroves
  A naga warrior (Abyss:5)
  6 death knights
  An anaconda (shapeshifter) (Vaults:5)
  5 spriggan air magi
  32 ice dragons
  28 two-headed ogres
  15 alligators
  32 dancing weapons
  13 ogre magi
  A death yak (shapeshifter) (Depths:3)
  6 tengu warriors
  A death scarab (Zig:8)
  10 deep troll shamans
  8 titan zombies
  10 vampire magi
  18 death yaks
  10 deep troll earth magi
  32 hell hogs
  6 holy swine (Pan)
  5 orc high priests
  13 thrashing horrors
  8 spriggan berserkers
  Sonja (D:10)
  5 iron golems
  2 storm dragon zombies
  20 sixfirhies
  56 soul eaters
  42 sun demons
  4 titan skeletons
  17 deep elf knights
  19 small abominations
  10 cherubim (Pan)
  A fire crab (shapeshifter) (Vaults:3)
  A spriggan druid (Swamp:3)
  18 iron trolls
  2 gelid demonspawn (Pan)
  3 death drakes
  179 skeletal warriors
  39 hell knights
  4 ghost moth zombies
  2 storm dragon skeletons
  12 wretched stars
  6 golden dragon zombies
  30 shadow wraiths
  2 spatial maelstroms
  2 infernal demonspawn (Pan)
  6 swamp dragons
  5 torturous demonspawn (Pan)
  9 unseen horrors
  A spectral hydra (Swamp:4)
  15 glowing orange brains
  A sea snake (shapeshifter) (Depths:3)
  19 shadow demons
  A glowing orange brain (shapeshifter) (Elf:2)
  14 flayed ghosts
  A death drake (shapeshifter) (Depths:1)
  25 deep trolls
  18 deep elf archers
  10 wizards
  An orange crystal statue (Zig:12)
  14 anaconda zombies
  4 shadow dragon zombies
  8 anaconda skeletons
  2 obsidian statues (Zig:12)
  2 tengu zombies (Hell)
  14 ironbrand convokers
  21 phantasmal warriors
  2 golden dragon skeletons
  A sphinx zombie (Zig:5)
  An orb spider (shapeshifter) (Depths:3)
  22 orc knights
  62 ugly things
  14 harpies
  8 iron dragon zombies
  A mana viper (shapeshifter) (Depths:3)
  21 necromancers
  2 salamanders (Abyss:5)
  6 orc sorcerers
  24 orb spiders
  A faun (shapeshifter) (Vaults:5)
  3 wolf spider zombies
  5 shadow dragon skeletons
  A wolf spider (shapeshifter) (Vaults:5)
  11 stone giant zombies
  78 deep elf magi
  36 wolf spiders
  7 cyclopes
  A manticore (D:12)
  A cyclops (shapeshifter) (Zig:13)
  An oklob plant (D:6)
  26 moths of wrath
  2 salamanders (shapeshifter)
  7 fire giant zombies
  5 frost giant zombies
  2 elf zombies
  2 elephants (Zig:10)
  A worldbinder (Abyss:3)
  An elephant (shapeshifter) (Zig:13)
  12 shining eyes
  3 frost giant skeletons
  5 fire giant skeletons
  3 iron dragon skeletons
  8 eyes of devastation
  A spectral iron troll (Crypt:2)
  34 smoke demons
  4 apocalypse crabs
  16 vault sentinels
  2 black mambas (shapeshifter)
  Psyche (D:8)
  49 rust devils
  4 black mambas
  5 ice statues
  2 dire elephant zombies
  7 torpor snails
  5 stone giant skeletons
  3 naga magi
  2 guardian serpents
  18 molten gargoyles
  2 gargoyles
  3 dire elephant skeletons
  11 komodo dragons
  A yaktaur zombie (Hell)
  4 swamp worm zombies (Swamp:4)
  60 yaktaurs
  32 orange demons
  17 spiny frogs
  37 freezing wraiths
  5 emperor scorpion zombies
  26 hellions
  A komodo dragon (shapeshifter) (Depths:3)
  A kobold demonologist (D:14)
  11 tengu conjurers
  28 demonic crawlers
  2 minotaur zombies (Crypt:1)
  8 rime drakes
  A catoblepas zombie (Hell)
  11 hellwings
  45 tormentors
  A yaktaur (shapeshifter) (Depths:2)
  15 efreet
  8 ancient zymes
  37 red devils
  4 silent spectres
  3 spectral deep trolls (Crypt:2)
  18 hydra zombies
  A queen ant zombie (Crypt:2)
  A golden dragon simulacrum (Coc:7)
  4 guardian mummies (Zig:8)
  7 meliai
  A queen bee (shapeshifter) (Vaults:3)
  15 wind drakes (Pan)
  43 jumping spiders
  A sea snake skeleton (Crypt:2)
  18 trolls
  51 ice devils
  3 polar bears
  3 harpy zombies
  18 blink frogs
  A jumping spider (shapeshifter) (Abyss:4)
  7 bog bodies
  2 harpy skeletons (Tar:7)
  25 hornets
  8 tyrant leeches
  25 raiju
  3 spectral swamp dragons (Swamp:4)
  11 dream sheep
  9 hippogriffs
  7 hydra skeletons
  5 ettin zombies
  4 ice dragon zombies
  97 slime creatures
  8 fire dragon zombies
  7 alligator zombies
  A deep troll zombie (Hell)
  136 flying skulls
  17 starcursed masses
  A jumping spider zombie (Crypt:2)
  A fire giant simulacrum (Vaults:1)
  16 spriggans
  5 fire dragon skeletons
  29 shadows
  40 tarantellas
  13 water elementals
  8 ettin skeletons
  29 wraiths
  2 spriggans (shapeshifter)
  3 wyverns
  3 alligator skeletons
  4 ice dragon skeletons
  4 vampires
  90 redbacks
  2 air elementals (Elf:2)
  A guardian serpent skeleton (Crypt:2)
  2 ushabtiu (Zig:8)
  A redback (shapeshifter) (Depths:4)
  A black mamba skeleton (Coc:5)
  40 yaks
  13 ynoxinuls
  20 fire elementals
  14 golden eyes
  A hog (Vaults:2)
  A human (shapeshifter) (Vaults:3)
  A golden eye (shapeshifter) (Depths:4)
  9 basilisks
  11 humans
  2 basilisks (shapeshifter)
  8 fire bats
  A steam dragon (D:8)
  13 vampire mosquitoes
  7 spatial vortices
  Menkaure (D:7)
  7 hungry ghosts
  8 chaos spawn
  24 neqoxecs
  11 wargs
  32 insubstantial wisps
  2 acid dragons
  14 swamp worms
  2 gelid demonspawn zombies
  9 spiny frog zombies
  A soldier ant (shapeshifter) (Depths:2)
  3 hydra simulacra (Coc:7)
  88 hell hounds
  16 porcupines
  12 water moccasins
  A two-headed ogre skeleton (Crypt:1)
  58 large abominations
  9 swamp drakes
  An ettin simulacrum (Coc:7)
  A gelid demonspawn skeleton (Crypt:1)
  23 ice beasts
  2 spiny frog skeletons
  9 black bears
  4 manticore zombies
  53 orc warriors
  A black bear (shapeshifter) (Depths:3)
  6 swamp dragon zombies
  2 snapping turtle zombies
  3 sky beasts
  14 eyes of draining
  32 necrophages
  A wolf (shapeshifter) (Depths:3)
  35 wolves
  9 phantoms
  A boggart (shapeshifter) (D:15)
  13 boggarts
  26 ogres
  12 centaurs
  An eye of draining (shapeshifter) (Vaults:2)
  5 snapping turtle skeletons
  14 crocodiles
  A manticore skeleton (Tar:6)
  A swamp dragon skeleton (Coc:4)
  17 bullfrogs
  5 earth elementals
  An elf skeleton (Crypt:3)
  2 human simulacra (Vaults:1)
  2 wyvern skeletons
  A draconian skeleton (Crypt:2)
  A shapeshifter zombie (Crypt:1)
  28 killer bees
  8 scorpions
  5 spriggan zombies
  A troll zombie (Geh:6)
  The ghost of Barsley the Skirmisher, a weakling DsCK of Xom (D:3)
  2 spriggan skeletons
  44 wights
  A vampire bat (Vaults:2)
  3 howler monkeys
  A troll skeleton (Tar:7)
  12 crimson imps
  3 centaur zombies
  16 jellies
  2 quasits
  4 hounds
  7 lava snakes (Volcano)
  6 centaur skeletons
  3 human zombies
  37 orc priests
  Crazy Yiuf (D:2)
  A gnoll shaman (D:8)
  30 orc wizards
  2 bullfrog skeletons
  26 iron imps
  8 iguanas
  10 worker ants
  A human skeleton (Crypt:2)
  2 spectral swamp drakes (Swamp:4)
  A spriggan simulacrum (Hell)
  An ogre zombie (Dis:7)
  A sky beast zombie (Crypt:1)
  A deep dwarf zombie (Crypt:1)
  A naga zombie (Dis:7)
  2 tengu skeletons
  A naga skeleton (Crypt:1)
  2 hound skeletons
  13 mummies
  2 worker ant zombies
  13 gnolls
  2 swamp drake zombies (Swamp:4)
  13 adders
  15 shadow imps
  18 white imps
  3 ufetubi (Abyss:3)
  3 oozes
  An adder zombie (D:9)
  An adder skeleton (D:4)
  6 worms
  7 ball lightnings (Pan)
  5 dart slugs
  3 leopard geckos
  82 orcs
  2 ball pythons
  9 giant cockroaches
  9 hobgoblins
  9 jackals
  11 kobolds
  3 quokkas
  5 bats
  4 frilled lizards
  9 goblins
  A jackal zombie (D:7)
  A kobold skeleton (Geh:4)
  An orc skeleton (Coc:7)
  10 rats
  9 blocks of ice
  16 briar patches (Swamp:2)
  11 bushes (D:14)
  A butterfly (Lair:5)
  5 crawling corpses
  2 fire vortices (Pan)
  2 fungi
  2 macabre masses (Abyss:5)
  8 plants
  4 starspawn tentacles
5131 creatures vanquished.

Vanquished Creatures (collateral kills)
  Saint Roka (Orc:2)
  A cacodemon (Pan)
  2 hydras
  A two-headed ogre (D:15)
  6 death yaks
  A hell knight (Crypt:3)
  2 ugly things (D:14)
  2 cyclopes (D:13)
  A shadow dragon skeleton (Crypt:3)
  A manticore (D:14)
  A naga mage (D:15)
  3 spiny frogs
  3 komodo dragons
  A komodo dragon (shapeshifter) (D:13)
  A yaktaur (D:15)
  A queen bee (D:14)
  A jumping spider (Spider:2)
  A troll (D:15)
  2 polar bears (Lair:6)
  2 hornets
  8 dream sheep
  2 redbacks (Spider:1)
  5 spriggans (Lair:6)
  A tarantella (Spider:1)
  6 yaks
  7 humans (D:13)
  A neqoxec (Pan)
  2 vampire mosquitoes
  2 water moccasins
  3 orc warriors
  7 wolves
  An ogre (Orc:1)
  8 killer bees (D:14)
  2 orc priests (Orc:2)
  3 orc wizards (Orc:2)
  A worker ant (Lair:3)
  An orc (Orc:2)
  A giant cockroach (Lair:3)
  A fungus (Lair:6)
96 creatures vanquished.

Vanquished Creatures (others)
  10 eldritch tentacles
  A fire giant (Vaults:3)
  A draconian knight (Zot:4)
  3 stone giants
  A spark wasp (Depths:1)
  3 yaktaur captains
  A centaur warrior (Vaults:1)
  A deep elf knight (Elf:2)
  A deep elf archer (Vaults:3)
  3 deep elf magi
  8 yaktaurs
  A wind drake (Pan)
  An ice dragon zombie (Geh:7)
  A fire dragon skeleton (Geh:7)
  2 flying skulls
  A shadow (Dis:1)
  2 humans (Elf:1)
  A hell hound (Dis:4)
  A boggart (Vaults:2)
  2 centaurs
  8 ball lightnings (Pan)
  13 blocks of ice
  13 bushes
  2 crawling corpses (Elf:3)
  6 fire vortices (Coc:7)
  20 fungi
  10 plants
  3 starspawn tentacles
  8 toadstools (Swamp:2)
128 creatures vanquished.

Grand Total: 5355 creatures vanquished

Notes
Turn   | Place    | Note
-------+----------+-------------------------------------------
     0 | D:1      | dvd the Tengu Air Elementalist began the quest for the Orb.
     0 | D:1      | Reached XP level 1. HP: 10/10 MP: 4/4
    65 | D:1      | You fall through a shaft!
   189 | D:2      | Reached XP level 2. HP: 15/15 MP: 3/6
   349 | D:2      | Reached skill level 5 in Air Magic
   349 | D:2      | Reached XP level 3. HP: 17/19 MP: 0/7
   492 | D:2      | Learned a level 3 spell: Static Discharge
   568 | D:2      | Found a runed translucent door.
   569 | D:2      | Noticed Crazy Yiuf
   602 | D:2      | Killed Crazy Yiuf
   602 | D:2      | Reached XP level 4. HP: 20/24 MP: 1/8
   719 | D:2      | Found a glowing golden altar of the Shining One.
  1156 | D:1      | Learned a level 4 spell: Airstrike
  1874 | D:3      | Gained mutation: You can fly continuously. [Tengu growth]
  1874 | D:3      | Reached XP level 5. HP: 28/28 MP: 9/10
  2044 | D:3      | Found a transporter.
  2049 | D:3      | Found a transporter.
  2049 | D:3      | Noticed Barsley's ghost (weakling DsCK)
  2082 | D:3      | Noticed a hungry ghost
  2167 | D:3      | Found a sparkling altar of Nemelex Xobeh.
  2726 | D:4      | Found a staircase to the Ecumenical Temple.
  2737 | Temple   | Entered the Ecumenical Temple
  2774 | Temple   | Became a worshipper of Vehumet
  2927 | D:4      | Noticed a phantom
  3120 | D:4      | Noticed Ijyb
  3131 | D:4      | Noticed Ijyb
  3131 | D:4      | Ijyb changed into Ijyb the shapeshifter
  3131 | D:4      | Noticed Ijyb
  3131 | D:4      | Ijyb the shapeshifter changed into Ijyb the golden eye
  3132 | D:4      | Noticed Ijyb
  3132 | D:4      | Ijyb the golden eye changed into Ijyb the crocodile
  3133 | D:4      | Noticed Ijyb
  3135 | D:4      | Noticed Ijyb
  3135 | D:4      | Ijyb the steam dragon changed into Ijyb the naga
  3143 | D:4      | Ijyb the naga changed into Ijyb the scorpion
  3307 | D:4      | Noticed Ijyb
  3315 | D:4      | Killed Ijyb the spriggan
  3315 | D:4      | Reached skill level 1 in Staves
  3315 | D:4      | Reached XP level 6. HP: 27/33 MP: 2/12
  3513 | D:4      | Killed a phantom
  3513 | D:4      | Reached XP level 7. HP: 37/37 MP: 5/14
  3855 | D:5      | Entered Level 5 of the Dungeon
  4494 | D:5      | Reached * piety under Vehumet
  4494 | D:5      | Offered knowledge of Freeze by Vehumet.
  5229 | D:6      | Reached skill level 1 in Short Blades
  5303 | D:6      | Reached XP level 8. HP: 42/42 MP: 12/16
  5345 | D:6      | Reached skill level 1 in Fighting
  5345 | D:6      | Reached skill level 5 in Spellcasting
  5679 | D:6      | Found an iron altar of Okawaru.
  5935 | D:3      | Killed Barsley's ghost
  6168 | D:5      | Learned a level 5 spell: Lightning Bolt
  6191 | D:6      | Found a shattered altar of Ashenzari.
  6407 | D:6      | Found a blossoming altar of Fedhas.
  6420 | D:6      | Noticed an oklob plant
  7208 | D:7      | Noticed Menkaure
  7213 | D:7      | Killed Menkaure
  7356 | D:7      | Offered knowledge of Sting by Vehumet.
  7356 | D:7      | Reached ** piety under Vehumet
  7373 | D:7      | Reached XP level 9. HP: 42/47 MP: 10/19
  7496 | D:7      | Reached skill level 10 in Air Magic
  7633 | D:7      | Noticed a troll
  7638 | D:7      | Killed a troll
  7638 | D:7      | Reached skill level 5 in Conjurations
  7739 | D:7      | Found a snail-covered altar of Cheibriados.
  8684 | D:8      | Got a bound lapis lazuli ring
  8685 | D:8      | Identified the ring "Cuha" {*Tele rF++} (You found it on
                  | level 8 of the Dungeon)
  8695 | D:8      | Noticed a two-headed ogre
  8707 | D:8      | Killed a two-headed ogre
  8707 | D:8      | Reached XP level 10. HP: 52/52 MP: 12/23
  8731 | D:8      | Noticed Psyche
  8751 | D:8      | Killed Psyche
  8917 | D:8      | Found a deep blue altar of Sif Muna.
  8917 | D:8      | Found a hazy altar of Hepliaklqana.
  9906 | D:6      | Killed an oklob plant
 10493 | D:9      | Found a staircase to the Orcish Mines.
 10507 | D:9      | Offered knowledge of Conjure Flame by Vehumet.
 10781 | D:9      | Reached XP level 11. HP: 57/57 MP: 25/25
 10791 | D:9      | Reached *** piety under Vehumet
 10874 | D:10     | Entered Level 10 of the Dungeon
 11032 | D:10     | Noticed Erolcha
 11038 | D:10     | Killed Erolcha
 11204 | D:10     | Noticed Sonja
 11209 | D:10     | Killed Sonja
 11209 | D:10     | Reached skill level 10 in Spellcasting
 11644 | D:10     | Offered knowledge of Stone Arrow by Vehumet.
 11912 | D:10     | Reached skill level 15 in Air Magic
 11976 | D:10     | Noticed a two-headed ogre
 11993 | D:10     | Killed a two-headed ogre
 12452 | D:11     | Noticed a white ugly thing
 12573 | D:11     | Noticed a cyclops
 12649 | D:11     | Killed a cyclops
 12912 | D:11     | Found a staircase to the Lair.
 12972 | D:11     | Killed a white ugly thing
 12972 | D:11     | Reached **** piety under Vehumet
 12972 | D:11     | Reached XP level 12. HP: 43/64 MP: 23/28
 13189 | D:11     | Got a brightly glowing iron ring
 13191 | D:11     | Identified the ring "Yrruf" {rPois Int+6 Stlth-} (You found
                  | it on level 11 of the Dungeon)
 14517 | D:12     | Offered knowledge of Force Lance by Vehumet.
 14534 | D:12     | Learned a level 4 spell: Force Lance
 14939 | D:12     | Found Oran's Book Emporium.
 15267 | D:12     | Found Ziuheluq's General Store.
 15413 | D:12     | Found Bumos's Armour Shoppe.
 15418 | D:12     | Found Ginaer's Gadget Shop.
 15421 | D:12     | Bought the +0 mask of the Dragon {MR+ Slay+3 SInv} for 434
                  | gold pieces
 15421 | D:12     | Found the +0 mask of the Dragon {MR+ Slay+3 SInv}
 15429 | D:12     | Noticed a two-headed ogre
 15600 | D:12     | Killed a two-headed ogre
 16028 | Lair:1   | Entered Level 1 of the Lair of Beasts
 16325 | Lair:1   | Reached ***** piety under Vehumet
 16358 | Lair:1   | Offered knowledge of Olgreb's Toxic Radiance by Vehumet.
 16491 | Lair:1   | Found a dark tunnel.
 16497 | Lair:1   | Reached XP level 13. HP: 65/68 MP: 13/30
 16630 | Volcano  | Entered a volcano
 16972 | Volcano  | Found a radiant altar of Vehumet.
 17949 | Lair:1   | Got a smoking shield
 17950 | Lair:1   | Identified the +0 shield of Nucsoxao {rN+ Int+3} (You found
                  | it on level 1 of the Lair of Beasts)
 18489 | Lair:2   | Reached skill level 1 in Shields
 18684 | Lair:2   | Found a staircase to the Swamp.
 18876 | Lair:2   | Found a frozen archway.
 18889 | Lair:2   | Offered knowledge of Iskenderun's Battlesphere by Vehumet.
 18954 | IceCv    | Entered an ice cave
 19564 | IceCv    | Noticed an ice dragon
 19566 | IceCv    | Noticed an ice dragon
 19577 | IceCv    | Killed an ice dragon
 19578 | IceCv    | Killed an ice dragon
 19719 | IceCv    | Got a shimmering golden ring
 19725 | IceCv    | Identified the ring "Paicruorai" {+Inv rPois rF- Str+6
                  | Stlth-} (You found it in an ice cave)
 19903 | D:12     | Bought a book of the Sky for 845 gold pieces
 19910 | D:12     | Learned a level 6 spell: Deflect Missiles
 20000 | D:12     | Learned a level 4 spell: Summon Lightning Spire
 20546 | Lair:3   | Reached XP level 14. HP: 74/74 MP: 15/32
 20964 | Lair:3   | Found a hole to the Spider Nest.
 21040 | Lair:3   | Reached skill level 1 in Charms
 21157 | Lair:3   | Learned a level 6 spell: Freezing Cloud
 22256 | Lair:4   | Reached skill level 5 in Shields
 22545 | Lair:4   | Offered knowledge of Poison Arrow by Vehumet.
 22676 | Lair:4   | Found a transporter.
 22724 | Lair:4   | Learned a level 2 spell: Blink
 22831 | Lair:4   | Found a shadowy altar of Dithmenos.
 22863 | Lair:4   | Reached skill level 1 in Summonings
 23190 | Lair:4   | Found a transporter.
 23202 | Lair:4   | Noticed Ofest's ghost (journeyman KoWn)
 23615 | Lair:5   | Reached skill level 1 in Translocations
 24559 | Lair:5   | Reached XP level 15. HP: 78/78 MP: 34/34
 24647 | Lair:6   | Entered Level 6 of the Lair of Beasts
 25473 | Lair:6   | Got a heavily runed scale mail
 25474 | Lair:6   | Identified the +0 scale mail "Ylelyre" {rElec Dex+4} (You
                  | found it on level 6 of the Lair of Beasts)
 25750 | Lair:6   | Reached skill level 15 in Spellcasting
 26064 | Lair:6   | Learned a level 9 spell: Tornado
 26101 | Lair:6   | Found a staircase to the Slime Pits.
 26232 | Lair:6   | Offered knowledge of Lee's Rapid Deconstruction by Vehumet.
 26678 | Orc:1    | Entered Level 1 of the Orcish Mines
 27934 | D:13     | Identified the cursed +0 rapier of Juokhoeff {pain, rF++
                  | rC-}
 27935 | D:13     | Reached ****** piety under Vehumet
 28354 | D:13     | Noticed Snorg
 28362 | D:13     | Killed Snorg
 28521 | D:13     | Found a gate to the Vaults.
 28699 | D:14     | Offered knowledge of Spellforged Servitor by Vehumet.
 28955 | D:14     | Reached XP level 16. HP: 83/83 MP: 25/36
 29724 | D:15     | Entered Level 15 of the Dungeon
 30295 | D:15     | Found a staircase to the Depths.
 30652 | Orc:1    | Reached skill level 1 in Evocations
 30661 | Orc:1    | Offered knowledge of Iron Shot by Vehumet.
 31196 | Orc:2    | Entered Level 2 of the Orcish Mines
 31197 | Orc:2    | Noticed Saint Roka
 31775 | Orc:2    | Found a staircase to the Elven Halls.
 31841 | Orc:2    | Reached skill level 5 in Dodging
 32713 | Orc:2    | Killed Saint Roka
 32713 | Orc:2    | Reached skill level 1 in Ice Magic
 33157 | Orc:2    | Found Cusigoal's Jewellery Shoppe.
 33157 | Orc:2    | Found Zudita's Antique Weapon Emporium.
 33158 | Orc:2    | Found Zuirphem's General Store.
 33161 | Orc:2    | Found Lulam's Antique Weapon Shoppe.
 33447 | Spider:1 | Entered Level 1 of the Spider Nest
 33589 | Spider:1 | Offered knowledge of Orb of Destruction by Vehumet.
 34895 | Spider:2 | Reached XP level 17. HP: 80/87 MP: 29/38
 36070 | Spider:3 | Noticed Donald
 36071 | Spider:3 | Reached skill level 10 in Shields
 36073 | Spider:3 | Noticed Agnes
 36075 | Spider:3 | Killed Donald
 36075 | Spider:3 | Reached skill level 5 in Evocations
 36083 | Spider:3 | Killed Agnes
 36094 | Spider:3 | Offered knowledge of Lehudib's Crystal Spear by Vehumet.
 36094 | Spider:3 | Offered knowledge of Fire Storm by Vehumet.
 36094 | Spider:3 | Offered knowledge of Chain Lightning by Vehumet.
 36135 | Spider:3 | Learned a level 8 spell: Chain Lightning
 36702 | Spider:3 | Identified a scroll of acquirement
 36703 | Spider:3 | Got a crude hat
 36714 | Spider:3 | Identified the +4 hat of the Chupacabra {*Slow rElec Regen+
                  | rCorr} (You acquired it on level 3 of the Spider Nest)
 36845 | Spider:3 | Gained mutation: Scrolls take you a little longer to read.
                  | [potion of mutation]
 36845 | Spider:3 | Gained mutation: You have an increased reservoir of magic.
                  | (+10% MP) [potion of mutation]
 37024 | Spider:4 | Entered Level 4 of the Spider Nest
 37327 | Spider:4 | Reached XP level 18. HP: 67/92 MP: 24/44
 37381 | Spider:4 | Reached skill level 10 in Conjurations
 37534 | Spider:4 | Got a gossamer rune of Zot
 38143 | Lair:4   | Killed Ofest's ghost
 38193 | Lair:4   | Got a twitching jade ring
 38195 | Lair:4   | Identified the ring "Ommuewicsu" {rCorr rElec MR+ Int-4}
                  | (You found it on level 4 of the Lair of Beasts)
 38318 | Swamp:1  | Entered Level 1 of the Swamp
 38333 | Swamp:1  | Noticed Aizul
 38335 | Swamp:1  | Killed Aizul
 39365 | Swamp:2  | Noticed Jorgrun
 39371 | Swamp:2  | Killed Jorgrun
 40641 | Swamp:4  | Entered Level 4 of the Swamp
 40647 | Swamp:4  | Reached XP level 19. HP: 94/96 MP: 45/45
 40739 | Swamp:4  | Identified the +7 scale mail of the Six Beggars {*Slow rF++
                  | Int+3 Stlth+} (You found it on level 4 of the Swamp)
 41574 | Swamp:4  | Noticed a bone dragon
 41581 | Swamp:4  | Killed a bone dragon
 41622 | Swamp:4  | Got a decaying rune of Zot
 41957 | Vaults:1 | Entered Level 1 of the Vaults
 42414 | Vaults:1 | Noticed Asterion
 42422 | Vaults:1 | Killed Asterion
 43280 | Vaults:2 | Noticed Xtahua
 43284 | Vaults:2 | Killed Xtahua
 43293 | Vaults:2 | Reached XP level 20. HP: 100/100 MP: 18/47
 43526 | D:12     | Bought a book of Summonings for 910 gold pieces
 43532 | D:12     | Learned a level 5 spell: Aura of Abjuration
 43648 | Elf:1    | Entered Level 1 of the Elven Halls
 43892 | Elf:1    | Noticed Kirke
 43904 | Elf:1    | Killed Kirke
 44024 | Elf:1    | Identified the Almanac of Combat Magic
 44065 | Elf:1    | Found Ucih's Gadget Emporium.
 44109 | Elf:1    | Found Cesant's Antique Weapon Boutique.
 44127 | Elf:1    | Reached skill level 10 in Evocations
 44431 | Elf:1    | Found Fileucs's Antique Armour Shop.
 44510 | Elf:1    | Found Ashuzxac's Distillery.
 44515 | Elf:1    | Bought a potion of mutation for 120 gold pieces
 44515 | Elf:1    | Bought a potion of curing for 45 gold pieces
 45316 | Elf:2    | Found a runed translucent gate.
 45316 | Elf:2    | Found a runed translucent gate.
 45317 | Elf:2    | Found a runed translucent gate.
 45443 | Elf:2    | Reached skill level 5 in Summonings
 45463 | Elf:2    | Gained mutation: Your body sometimes deteriorates upon
                  | taking damage. [a neqoxec]
 45928 | Elf:2    | Found Raip Oci's Jewellery Shop.
 45936 | Elf:2    | Bought the ring "Vuusch" {Wiz rPois MR++ Str-5 Stlth+} for
                  | 502 gold pieces
 46042 | Elf:3    | Entered Level 3 of the Elven Halls
 46112 | Elf:3    | Reached XP level 21. HP: 104/106 MP: 34/49
 46353 | Elf:3    | Lost mutation: Scrolls take you a little longer to read.
                  | [potion of mutation]
 46353 | Elf:3    | Lost mutation: Your body sometimes deteriorates upon taking
                  | damage. [potion of mutation]
 46353 | Elf:3    | Lost mutation: You have an increased reservoir of magic.
                  | (+10% MP) [potion of mutation]
 46353 | Elf:3    | Gained mutation: Scrolls take you a little longer to read.
                  | [potion of mutation]
 46353 | Elf:3    | Gained mutation: You are somewhat resistant to further
                  | mutation. [potion of mutation]
 46354 | Elf:3    | Lost mutation: Scrolls take you a little longer to read.
                  | [potion of mutation]
 46354 | Elf:3    | Lost mutation: You are somewhat resistant to further
                  | mutation. [potion of mutation]
 46354 | Elf:3    | Gained mutation: You are weak. (Str -2) [potion of
                  | mutation]
 46354 | Elf:3    | Gained mutation: You are partially covered in slimy green
                  | scales. (AC +2) [potion of mutation]
 46354 | Elf:3    | Gained mutation: Your flesh is cold resistant. (rC+)
                  | [potion of mutation]
 46459 | Elf:3    | Found a deep blue altar of Sif Muna.
 46565 | Elf:3    | Noticed Mara
 46582 | Elf:3    | Killed Mara
 46793 | Elf:3    | Cast into level 3 of the Abyss (a deep elf sorcerer)
 46793 | Abyss:3  | Found a corrupted altar of Lugonu.
 46868 | Abyss:3  | Found a corrupted altar of Lugonu.
 46950 | Abyss:3  | Found a corrupted altar of Lugonu.
 47047 | Elf:3    | Escaped the Abyss
 47155 | Elf:3    | Identified the +8 spear "Linei" {antimagic, rF+ rC- MR++
                  | Int+4}
 47279 | Elf:3    | Identified Ohenasu's Handbook of Shifting Hexes
 47285 | Elf:3    | Identified the Grimoire of Confrontation
 47396 | Elf:3    | Identified the amulet "Earthly Heaven" {Reflect +Inv rC+
                  | SH+3} (You found it on level 3 of the Elven Halls)
 47439 | Elf:3    | Identified the Guide on Confrontation and Boosts
 48263 | Vaults:2 | You are sucked into a shaft for 2 floors!
 48493 | Vaults:3 | Reached XP level 22. HP: 112/112 MP: 40/46
 48655 | Vaults:3 | Found Deagoryur's Antique Armour Emporium.
 48693 | Vaults:3 | Bought a spiked leather armour for 196 gold pieces
 48693 | Vaults:3 | Identified the +5 leather armour of the Loofah {rN++ Str+4}
                  | (You bought it in a shop on level 3 of the Vaults)
 49296 | D:12     | Bought a book of Battle for 560 gold pieces
 49300 | D:12     | Learned a level 3 spell: Regeneration
 49555 | Vaults:2 | Identified Dispater's Tome of Stones
 50000 | Vaults:2 | Identified the Catalogue of Orientation
 50828 | Vaults:2 | Reached skill level 15 in Conjurations
 50888 | Vaults:2 | Identified Furgheyrr's Papyrus of Moulding
 51063 | Vaults:2 | You are sucked into a shaft!
 51401 | Vaults:3 | Found a staircase to the Crypt.
 51468 | Vaults:3 | Reached XP level 23. HP: 68/116 MP: 27/48
 52463 | Vaults:4 | Learned a level 6 spell: Bolt of Fire
 52817 | Vaults:4 | Found Amifracw's Food Shoppe.
 53588 | Slime:1  | Entered Level 1 of the Pits of Slime
 53614 | Slime:1  | Reached skill level 1 in Necromancy
 53825 | Slime:3  | Gained mutation: You occasionally shout uncontrollably at
                  | your foes. [a shining eye]
 53826 | Slime:3  | Gained mutation: You are dopey. (Int -2) [a shining eye]
 53828 | Slime:3  | Gained mutation: You are very dopey. (Int -4) [a shining
                  | eye]
 53927 | Slime:5  | Entered Level 5 of the Pits of Slime
 53955 | Slime:5  | Noticed the Royal Jelly
 53961 | Slime:5  | Reached skill level 5 in Stealth
 53962 | Slime:5  | Killed the Royal Jelly
 53962 | Slime:5  | Reached XP level 24. HP: 85/122 MP: 22/48
 54130 | Slime:5  | Lost strength.
 54130 | Slime:5  | Gained mutation: You are very weak. (Str -4) [a shining
                  | eye]
 54288 | Slime:5  | Identified the Handbook of Enhancements and Flames
 54347 | Slime:5  | Got a slimy rune of Zot
 54351 | Slime:5  | Identified the +6 buckler of Sin {Dex+7} (You found it on
                  | level 5 of the Pits of Slime)
 54418 | Slime:5  | Lost mutation: Your flesh is cold resistant. (rC+) [potion
                  | of mutation]
 54418 | Slime:5  | Lost mutation: You are very weak. (Str -4) [potion of
                  | mutation]
 54418 | Slime:5  | Lost mutation: You are weak. (Str -2) [potion of mutation]
 54418 | Slime:5  | Gained mutation: Your magical capacity is low. (-10% MP)
                  | [potion of mutation]
 54418 | Slime:5  | Gained mutation: Your magical capacity is very low. (-20%
                  | MP) [potion of mutation]
 54418 | Slime:5  | Gained mutation: You are somewhat resistant to further
                  | mutation. [potion of mutation]
 54419 | Slime:5  | Lost mutation: Your magical capacity is very low. (-20% MP)
                  | [potion of mutation]
 54419 | Slime:5  | Lost mutation: You occasionally shout uncontrollably at
                  | your foes. [potion of mutation]
 54419 | Slime:5  | Lost mutation: Your magical capacity is low. (-10% MP)
                  | [potion of mutation]
 54419 | Slime:5  | Lost mutation: You are very dopey. (Int -4) [potion of
                  | mutation]
 54419 | Slime:5  | Gained mutation: You are mostly covered in slimy green
                  | scales. (AC +3) [potion of mutation]
 54436 | Slime:5  | Identified the +4 hand crossbow "Ufuuqyst" {venom, rF-
                  | Int+5} (You found it on level 5 of the Pits of Slime)
 54801 | Crypt:1  | Entered Level 1 of the Crypt
 55107 | Crypt:1  | Noticed Margery
 55113 | Crypt:1  | Killed Margery
 55345 | Crypt:1  | Noticed Frederick
 55356 | Crypt:1  | Killed Frederick
 55502 | Crypt:2  | Reached skill level 27 in Air Magic
 55680 | Crypt:2  | Identified the +7 broad axe of Cocytus {freeze, Int+4
                  | Dex+2}
 55680 | Crypt:2  | Identified the ring of Mueniuh {AC+3 Int+3 SInv}
 56296 | Crypt:3  | Entered Level 3 of the Crypt
 56688 | Crypt:3  | Identified the ring of Yrphoh Koph {Str+4 Stlth+}
 56727 | Crypt:3  | Reached XP level 25. HP: 119/127 MP: 24/49
 56731 | Crypt:3  | Noticed an ancient lich
 56737 | Crypt:3  | Paralysed by an ancient lich for 4 turns
 56745 | Crypt:3  | Killed an ancient lich
 56859 | Crypt:3  | Found a basalt altar of Yredelemnul.
 57131 | Crypt:3  | Found a staircase to the Tomb.
 57667 | Vaults:5 | Entered Level 5 of the Vaults
 57668 | Vaults:5 | Noticed an ancient lich
 57670 | Vaults:5 | Noticed an ancient lich
 57671 | Vaults:5 | Reached skill level 5 in Staves
 57677 | Vaults:5 | Killed an ancient lich
 57677 | Vaults:5 | Killed an ancient lich
 57680 | Vaults:5 | Noticed an ancient lich
 57819 | Vaults:5 | Killed an ancient lich
 57981 | Vaults:5 | Reached skill level 10 in Dodging
 57989 | Vaults:5 | Reached skill level 15 in Evocations
 57993 | Vaults:5 | Reached XP level 26. HP: 79/132 MP: 28/50
 58395 | Vaults:5 | Identified the ring of Caxumosm {MR+ SInv Stlth+} (You
                  | found it on level 5 of the Vaults)
 58474 | Vaults:5 | Identified the ring of Tyshrel {rElec rC- Str+4 Int+2
                  | Dex+3} (You found it on level 5 of the Vaults)
 58486 | Vaults:5 | Identified the +1 robe of the Cockroach {Int+2 Dex+3}
 58745 | Vaults:5 | Identified the cursed +0 cloak of the Lotus Blossom {rN+
                  | Str+4 Int-4} (You found it on level 5 of the Vaults)
 59073 | Vaults:5 | Identified the Tome of the Glacier and Orientation
 59134 | Vaults:5 | Identified the ring "Kyarch" {*Tele rN+}
 59195 | Vaults:5 | Identified the +1 shield of Defiance {+Inv} (You found it
                  | on level 5 of the Vaults)
 59199 | Vaults:5 | Got a silver rune of Zot
 59736 | Depths:1 | Entered Level 1 of the Depths
 59736 | Depths:1 | Noticed Bai Suzhen
 59751 | Depths:1 | Killed Bai Suzhen
 59900 | Depths:1 | Found a gateway to Hell.
 59926 | Depths:1 | Found a snail-covered altar of Cheibriados.
 60347 | Depths:2 | Found Nohaanut's Book Shop.
 60631 | Depths:2 | Found a glowing silver altar of Zin.
 60631 | Depths:2 | Found Loet's Hallowed Reliquary.
 60669 | Depths:2 | Found a gateway to a ziggurat.
 60768 | Depths:2 | Reached skill level 15 in Shields
 61083 | Depths:2 | Found the +6 shillelagh "Devastator" {shatter}
 61298 | Hell     | Entered the Vestibule of Hell
 61298 | Hell     | Noticed Geryon
 61314 | Hell     | Killed Geryon
 61443 | Depths:3 | Reached XP level 27. HP: 137/137 MP: 46/50
 61522 | Depths:3 | Identified the +5 short sword of Subjectivity {pierce,
                  | rElec MR+ Int+4 Dex-5} (You found it on level 3 of the
                  | Depths)
 61893 | Depths:3 | Identified the ring of Bawkiriu {AC+5 Str+5}
 61976 | Depths:3 | Noticed a juggernaut
 61983 | Depths:3 | Killed a juggernaut
 61983 | Depths:3 | Reached skill level 10 in Staves
 62140 | Depths:3 | Identified Asevep Tourr's Almanac of Nocuous Darkness
 62229 | Depths:3 | Reached skill level 5 in Fighting
 62724 | Depths:3 | Found a one-way gate leading to the halls of Pandemonium.
 63243 | Hell     | Found a gateway to the decaying netherworld of Tartarus.
 63305 | Hell     | Found a gateway to the freezing wastes of Cocytus.
 63357 | Hell     | Found a gateway to the Iron City of Dis.
 63411 | Hell     | Found a gateway to the ashen valley of Gehenna.
 63696 | Depths:4 | Found a one-way gate to the infinite horrors of the Abyss.
 64299 | Depths:4 | Identified the cursed +0 cloak "Doqar" {*Corrode *Slow
                  | rElec Slay+4} (You found it on level 4 of the Depths)
 64709 | Depths:4 | Identified the cursed +0 pair of gloves "Zidat" {rPois rF+}
                  | (You found it on level 4 of the Depths)
 66081 | Depths:4 | Voluntarily entered the Abyss.
 66660 | Abyss:3  | Paralysed by you for 7 turns
 66733 | Abyss:4  | Learned a level 1 spell: Apportation
 66737 | Abyss:4  | Found a corrupted altar of Lugonu.
 66900 | Abyss:5  | Entered Level 5 of the Abyss
 66900 | Abyss:5  | Entered Level 5 of the Abyss
 66900 | Abyss:5  | Entered Level 5 of the Abyss
 67083 | Abyss:5  | Got an abyssal rune of Zot
 67093 | Depths:4 | Escaped the Abyss
 67473 | Orc:2    | Bought the ring "Wegecayff" {*Corrode rPois rN++ Str+9} for
                  | 711 gold pieces
 67782 | Pan      | Entered the realm of Lom Lobon.
 67782 | Pan      | Entered Pandemonium
 68443 | Pan      | Noticed Lom Lobon
 68463 | Pan      | Killed Lom Lobon
 68484 | Pan      | Got a magical rune of Zot
 69423 | Pan      | Found an exit through the horrors of the Abyss.
 69763 | Pan      | Noticed Voinur the pandemonium lord
 69770 | Pan      | Killed Voinur the pandemonium lord
 69908 | Pan      | Noticed Mennas
 69923 | Pan      | Killed Mennas
 69930 | Pan      | Got a bloodstained morningstar
 69931 | Pan      | Identified the +6 morningstar "Weczeot" {crush, rElec Dex+2
                  | Stlth+} (You found it in Pandemonium)
 70171 | Pan      | Noticed a seraph
 70180 | Pan      | Killed a seraph
 70190 | Pan      | Found a glowing golden altar of the Shining One.
 70208 | Pan      | Got a demonic rune of Zot
 70244 | Pan      | Identified the Guide on the Creative Traveller
 70262 | Pan      | Identified the +7 battleaxe "Ehausaow" {chop, +Blink rF+
                  | Str-4} (You found it in Pandemonium)
 70266 | Pan      | Got a transparent dagger
 70267 | Pan      | Identified the cursed +2 dagger "Goqoc" {pain, rElec rC+
                  | MR+ Stlth-} (You found it in Pandemonium)
 70294 | Pan      | Learned a level 9 spell: Fire Storm
 70355 | Pan      | Reached skill level 1 in Fire Magic
 70429 | Pan      | Identified the +2 large shield "Kioh" {MR+++ Str-2 Int+6}
 70469 | Pan      | Found a white marble altar of Elyvilon.
 70516 | Pan      | Entered the realm of Mnoleg.
 70567 | Pan      | Gained mutation: Scrolls take you a little longer to read.
                  | [a cacodemon]
 70572 | Pan      | Found an exit through the horrors of the Abyss.
 70614 | Pan      | Gained mutation: Your magical capacity is low. (-10% MP) [a
                  | cacodemon]
 70620 | Pan      | Noticed Mnoleg
 70625 | Pan      | Gained mutation: You do not regenerate when monsters are
                  | visible. [a cacodemon]
 70635 | Pan      | Gained mutation: You are very dopey. (Int -4) [a neqoxec]
 70674 | Pan      | Lost mutation: You do not regenerate when monsters are
                  | visible. [potion of mutation]
 70674 | Pan      | Lost mutation: Scrolls take you a little longer to read.
                  | [potion of mutation]
 70674 | Pan      | Lost mutation: You are mostly covered in slimy green
                  | scales. (AC +3) [potion of mutation]
 71136 | Pan      | Gained mutation: Potions are less effective at restoring
                  | your health. [a cacodemon]
 71304 | Pan      | Killed Mnoleg
 71564 | Pan      | Got a glowing rune of Zot
 71760 | Pan      | Entered the realm of Gloorx Vloq.
 71859 | Pan      | Reached skill level 5 in Charms
 71948 | Pan      | Reached skill level 5 in Fire Magic
 71948 | Pan      | Noticed Gloorx Vloq
 72243 | Pan      | Learned a level 8 spell: Lehudib's Crystal Spear
 72382 | Pan      | Reached skill level 10 in Fighting
 72723 | Pan      | Killed Gloorx Vloq
 72828 | Pan      | Got a dark rune of Zot
 72936 | Pan      | Entered the realm of Cerebov.
 72952 | Pan      | Got a bloodstained lajatang
 72953 | Pan      | Identified the +7 lajatang of Mandamus {pain, MR+ Dex+4}
                  | (You found it in Pandemonium)
 73012 | Pan      | Identified the ring "Teickabb" {+Blink rPois rC+ Str+5}
 73353 | Pan      | Found an exit through the horrors of the Abyss.
 73507 | Pan      | Identified the +4 shield "Dewewk" {rCorr MP+9}
 73779 | Pan      | Identified the +6 sword of Cerebov {flame}
 73779 | Pan      | Noticed Cerebov
 73955 | Pan      | Identified the cursed +2 mace "Zimpeg" {crush, rPois MR+}
                  | (You found it in Pandemonium)
 74054 | Pan      | Identified the quicksilver dragon scales "Ralloh" {+Fly
                  | rElec MR+ rCorr} (You found it in Pandemonium)
 74068 | Pan      | Got a crude flail
 74069 | Pan      | Identified the +10 flail "Guruetan" {crush, rPois rF- Str+7
                  | Stlth+} (You found it in Pandemonium)
 74217 | Pan      | Killed Cerebov
 74228 | Pan      | HP: 5/153 [Brimstone Fiend/damnation (35)]
 74332 | Pan      | Got a crystal war axe
 74333 | Pan      | Identified the +1 war axe "Xiytsugu" {freeze, *Contam Dex+3
                  | SInv} (You found it in Pandemonium)
 74414 | Pan      | Got a fiery rune of Zot
 74542 | Pan      | Took an exit into the Abyss.
 74542 | Abyss:1  | Escaped into the Abyss
 74566 | Depths:3 | Escaped the Abyss
 74761 | Depths:5 | Entered Level 5 of the Depths
 74776 | Depths:5 | Reached skill level 1 in Earth Magic
 74800 | Depths:5 | Learned a level 9 spell: Glaciate
 74836 | Depths:5 | Noticed Boris
 74844 | Depths:5 | Killed Boris
 75069 | Depths:5 | Identified Asezed's Compendium of the Ghastly Frostbite
 75356 | Depths:5 | Found a gate to the Realm of Zot.
 75420 | Depths:5 | Noticed a juggernaut
 75424 | Depths:5 | Killed a juggernaut
 75918 | Coc:1    | Entered Level 1 of Cocytus
 75926 | Coc:1    | Lost mutation: Your magical capacity is low. (-10% MP)
                  | [mutagenic glow]
 75958 | Coc:1    | Gained mutation: You tend to lose your temper in combat.
                  | [mutagenic glow]
 76615 | Coc:4    | Reached skill level 5 in Earth Magic
 76809 | Coc:7    | Entered Level 7 of Cocytus
 76860 | Coc:7    | Noticed the Serpent of Hell
 76875 | Coc:7    | Killed the Serpent of Hell
 76941 | Coc:7    | Reached skill level 5 in Ice Magic
 76953 | Coc:7    | Reached skill level 5 in Necromancy
 77179 | Coc:7    | Reached skill level 15 in Dodging
 77230 | Coc:7    | Reached skill level 10 in Fire Magic
 77742 | Coc:7    | Noticed Antaeus
 77801 | Coc:7    | Killed Antaeus
 77926 | Coc:7    | Got an icy rune of Zot
 78181 | Dis:1    | Entered Level 1 of the Iron City of Dis
 79242 | Dis:5    | Reached skill level 27 in Spellcasting
 79920 | Dis:7    | Entered Level 7 of the Iron City of Dis
 80055 | Dis:7    | Gained mutation: Armour fits poorly on your strangely
                  | shaped body. [a cacodemon]
 81065 | Dis:7    | Identified the +4 staff of Dispater
 81065 | Dis:7    | Identified the cursed +1 robe of Orthodoxy {rPois rC+ Dex+3
                  | Slay+2}
 81065 | Dis:7    | Identified the ring "Lupn" {rPois EV+2 Str+4}
 81065 | Dis:7    | Noticed Dispater
 81305 | Dis:7    | Gained mutation: You are partially covered in icy blue
                  | scales. (AC +2) [mutagenic glow]
 81370 | Dis:7    | Gained mutation: You do not regenerate when monsters are
                  | visible. [mutagenic glow]
 81706 | Dis:7    | Lost mutation: You are somewhat resistant to further
                  | mutation. [potion of mutation]
 81706 | Dis:7    | Lost mutation: You are partially covered in slimy green
                  | scales. (AC +2) [potion of mutation]
 81706 | Dis:7    | Lost mutation: You are partially covered in icy blue
                  | scales. (AC +2) [potion of mutation]
 81706 | Dis:7    | Gained mutation: You are somewhat resistant to further
                  | mutation. [potion of mutation]
 81832 | Zot:1    | Entered Level 1 of the Realm of Zot
 82418 | Zot:1    | Lost mutation: You are very dopey. (Int -4) [potion of
                  | mutation]
 82418 | Zot:1    | Lost mutation: You are somewhat resistant to further
                  | mutation. [potion of mutation]
 82418 | Zot:1    | Lost mutation: You are dopey. (Int -2) [potion of mutation]
 82418 | Zot:1    | Gained mutation: Scrolls take you a little longer to read.
                  | [potion of mutation]
 82418 | Zot:1    | Gained mutation: You have a pair of small antennae on your
                  | head. [potion of mutation]
 82886 | Zot:2    | Reached skill level 10 in Earth Magic
 83045 | Zot:2    | Learned a level 8 spell: Ignition
 83158 | Zot:2    | Identified the cursed +3 glaive "Lof Luasit" {vamp, rC-
                  | Str+3 Int+3} (You found it on level 2 of the Realm of Zot)
 83385 | Zot:2    | Found a large runed translucent door.
 83386 | Zot:2    | Found a large runed translucent door.
 83388 | Zot:2    | Noticed Iliok's ghost (veteran CeHu)
 83411 | Zot:2    | Killed Iliok's ghost
 83419 | Zot:2    | Got a coiled lapis lazuli ring
 83422 | Zot:2    | Identified the ring "Soekh" {+Blink Int+4 Stlth-} (You
                  | found it on level 2 of the Realm of Zot)
 84472 | Zot:3    | Noticed an orb of fire
 84473 | Zot:3    | Gained mutation: You are frail. (-10% HP) [an orb of fire]
 84484 | Zot:3    | Killed an orb of fire
 85126 | Zot:4    | Reached skill level 10 in Ice Magic
 86158 | Depths:2 | Bought a potion of heal wounds for 115 gold pieces
 86158 | Depths:2 | Bought 2 potions of heal wounds for 230 gold pieces
 86158 | Depths:2 | Bought a potion of heal wounds for 115 gold pieces
 86174 | Zig:1    | Entered Level 1 of a ziggurat
 86194 | Zig:2    | Entered Level 2 of a ziggurat
 86221 | Zig:3    | Entered Level 3 of a ziggurat
 86256 | Zig:4    | Entered Level 4 of a ziggurat
 86342 | Zig:5    | Entered Level 5 of a ziggurat
 86383 | Zig:6    | Entered Level 6 of a ziggurat
 86422 | Zig:6    | Identified the ring "Qomuhu" {SInv Stlth+} (You found it on
                  | level 6 of a ziggurat)
 86426 | Zig:6    | Identified the cursed +1 ring mail of the Soldier {MR+
                  | rCorr Str-4 Dex+5} (You found it on level 6 of a ziggurat)
 86447 | Zig:7    | Entered Level 7 of a ziggurat
 86469 | Zig:7    | Lost mutation: You tend to lose your temper in combat.
                  | [potion of mutation]
 86469 | Zig:7    | Lost mutation: Potions are less effective at restoring your
                  | health. [potion of mutation]
 86469 | Zig:7    | Gained mutation: Your magical capacity is low. (-10% MP)
                  | [potion of mutation]
 86469 | Zig:7    | Lost mutation: Scrolls take you a little longer to read.
                  | [potion of mutation]
 86478 | Zig:7    | Identified the ring of Koat {rN+ MR+ MP+9 Slay-3} (You
                  | found it on level 7 of a ziggurat)
 86502 | Zig:8    | Entered Level 8 of a ziggurat
 86511 | Zig:8    | Noticed a greater mummy
 86519 | Zig:8    | Killed a greater mummy
 86559 | Zig:8    | Identified the cursed +3 falchion "Transmigrator" {flame,
                  | rPois rN+ Dex+4} (You found it on level 8 of a ziggurat)
 86620 | Zig:9    | Entered Level 9 of a ziggurat
 86653 | Zig:9    | Reached skill level 15 in Fighting
 86673 | Zig:10   | Entered Level 10 of a ziggurat
 86710 | Zig:10   | Lost mutation: You are frail. (-10% HP) [potion of
                  | mutation]
 86710 | Zig:10   | Lost mutation: Armour fits poorly on your strangely shaped
                  | body. [potion of mutation]
 86710 | Zig:10   | Lost mutation: Your magical capacity is low. (-10% MP)
                  | [potion of mutation]
 86710 | Zig:10   | Gained mutation: Your body sometimes deteriorates upon
                  | taking damage. [potion of mutation]
 86710 | Zig:10   | Lost mutation: Your body sometimes deteriorates upon taking
                  | damage. [potion of mutation]
 86710 | Zig:10   | Gained mutation: Your flesh is cold resistant. (rC+)
                  | [potion of mutation]
 86710 | Zig:10   | Gained mutation: Your mind is acute. (Int +2) [potion of
                  | mutation]
 86722 | Zig:10   | Identified the +9 fire dragon scales of Levity {-Tele rF++
                  | rC- Dex+4 Slay+5} (You found it on level 10 of a ziggurat)
 86729 | Zig:10   | Identified the +5 spear of Magnificence {venom, +Inv rElec
                  | rPois} (You found it on level 10 of a ziggurat)
 86814 | Zig:11   | Entered Level 11 of a ziggurat
 86842 | Zig:11   | Identified the ring "Piledwegh" {rN+ Int+4 SInv} (You found
                  | it on level 11 of a ziggurat)
 86872 | Zig:11   | Identified the Tome of Displaced Attacks
 86889 | Zig:11   | Identified the ring "Eqe Muar" {MR+ Int+4} (You found it on
                  | level 11 of a ziggurat)
 86891 | Zig:11   | Identified the +6 chain mail of the Slightly Bent {+Inv
                  | rElec rF- Int+7} (You found it on level 11 of a ziggurat)
 86893 | Zig:11   | Identified the ring "Comp" {rCorr +Inv rF+ MR+ Int+4} (You
                  | found it on level 11 of a ziggurat)
 86940 | Zig:12   | Entered Level 12 of a ziggurat
 86956 | Zig:12   | Reached skill level 15 in Fire Magic
 86996 | Zig:12   | Identified the +0 buckler of Valiance {*Corrode rPois Str+2
                  | Dex+5} (You found it on level 12 of a ziggurat)
 87006 | Zig:12   | Got a steaming leather armour
 87017 | Zig:12   | Identified the +1 leather armour of Hiuczias {-Tele Int+5
                  | Dex+5} (You found it on level 12 of a ziggurat)
 87041 | Zig:12   | Identified the +3 falchion "Killer Klown's Curse" {elec,
                  | rElec} (You found it on level 12 of a ziggurat)
 87051 | Zig:12   | Identified the +10 mace "Eppodadd" {holy, rN+} (You found
                  | it on level 12 of a ziggurat)
 87070 | Zig:13   | Entered Level 13 of a ziggurat
 87108 | Zig:13   | Identified the +0 cloak of Apathy {Str+5 Int-2 SInv Stlth+}
                  | (You found it on level 13 of a ziggurat)
 87168 | Zig:14   | Entered Level 14 of a ziggurat
 87176 | Zig:14   | Noticed a juggernaut
 87178 | Zig:14   | Noticed a juggernaut
 87179 | Zig:14   | Noticed a juggernaut
 87179 | Zig:14   | Noticed a juggernaut
 87180 | Zig:14   | Noticed a juggernaut
 87183 | Zig:14   | Killed a juggernaut
 87184 | Zig:14   | Killed a juggernaut
 87185 | Zig:14   | Killed a juggernaut
 87185 | Zig:14   | Killed a juggernaut
 87187 | Zig:14   | Killed a juggernaut
 87187 | Zig:14   | Reached skill level 27 in Conjurations
 87204 | Zig:14   | Identified the Guide on Toxic Execration
 87224 | Zig:14   | Identified the +6 short sword "Eraunadaepox" {pierce,
                  | Dex+7} (You found it on level 14 of a ziggurat)
 87230 | Zig:14   | Identified the +6 dagger "Gaagir" {pierce, rPois} (You
                  | found it on level 14 of a ziggurat)
 87236 | Zig:14   | Identified the +1 rapier "Pasy" {pierce, MR+ Str+2} (You
                  | found it on level 14 of a ziggurat)
 87334 | Zig:15   | Entered Level 15 of a ziggurat
 87350 | Zig:15   | Gained mutation: Scrolls take you a little longer to read.
                  | [a shining eye]
 87351 | Zig:15   | Reached skill level 10 in Summonings
 87445 | Zig:16   | Entered Level 16 of a ziggurat
 87459 | Zig:16   | Noticed an ancient lich
 87464 | Zig:16   | Killed an ancient lich
 87519 | Zig:16   | Reached skill level 5 in Translocations
 87538 | Zig:16   | Identified the ring of the Cockroach {MR- AC+1 Str+5} (You
                  | found it on level 16 of a ziggurat)
 87539 | Zig:16   | Reached skill level 5 in Short Blades
 87546 | Zig:16   | Got a dazzling hand axe
 87547 | Zig:16   | Identified the cursed +1 hand axe "Hitt" {speed, Fragile
                  | Str+4 Dex+4 Stlth+} (You found it on level 16 of a
                  | ziggurat)
 87557 | Zig:16   | Identified the +1 robe "Miolaiss" {MR+} (You found it on
                  | level 16 of a ziggurat)
 87596 | Zig:17   | Entered Level 17 of a ziggurat
 87616 | Zig:17   | Lost mutation: Your mind is acute. (Int +2) [a shining eye]
 87634 | Zig:17   | Reached skill level 1 in Armour
 87636 | Zig:17   | Identified the Tome of Torrid Snow
 87662 | Zig:17   | Identified the +10 spear "Widowermaker" {pierce, -Tele
                  | rPois MR+ Int+4} (You found it on level 17 of a ziggurat)
 88307 | Dis:7    | Killed Dispater
 88330 | Dis:7    | Got an iron rune of Zot
 88331 | Dis:7    | Identified the Catalogue of Flying Intoxication
 88606 | Tar:1    | Entered Level 1 of Tartarus
 89865 | Tar:5    | You are sucked into a shaft!
 90306 | Tar:6    | Noticed an ancient lich
 90313 | Tar:6    | Killed an ancient lich
 90517 | Tar:7    | Entered Level 7 of Tartarus
 90646 | Tar:7    | Gained mutation: You occasionally shout uncontrollably at
                  | your foes. [a neqoxec]
 90772 | Tar:7    | Identified the ring "Xiadutso" {*Tele rC+ MP+9 Str+2 Dex+2}
                  | (You found it on level 7 of Tartarus)
 90786 | Tar:7    | Identified the ring of Log Jiom {Wiz Int+4 Dex+3} (You
                  | found it on level 7 of Tartarus)
 90794 | Tar:7    | Identified the ring "Firghon" {-Tele rPois rF+ rN+ Stlth+}
                  | (You found it on level 7 of Tartarus)
 90798 | Tar:7    | Identified the cursed +0 large shield "Hicvofuj" {Regen+}
                  | (You found it on level 7 of Tartarus)
 91378 | Tar:7    | Identified the cursed +1 scale mail "Haejemo" {rPois rC-
                  | rCorr Str+4} (You found it on level 7 of Tartarus)
 91715 | Tar:7    | Gained mutation: Your spells are a little easier to cast,
                  | but a little less powerful. [mutagenic glow]
 92038 | Tar:7    | Noticed Ereshkigal
 93419 | Tar:7    | Gained mutation: You are dopey. (Int -2) [a cacodemon]
 93532 | Tar:7    | Killed Ereshkigal
 93613 | Tar:7    | Got a bone rune of Zot
 93813 | Geh:1    | Entered Level 1 of Gehenna
 94048 | Geh:1    | Reached skill level 10 in Necromancy
 94444 | Geh:7    | Entered Level 7 of Gehenna
 94460 | Geh:7    | Reached skill level 15 in Ice Magic
 94971 | Geh:7    | Identified the +7 sceptre of Asmodeus
 94971 | Geh:7    | Noticed Asmodeus
 94983 | Geh:7    | Killed from afar by a Brimstone Fiend

Skill      XL: |  1  2  3  4  5  6  7  8  9 10 11 12 13 14 15 16 17 18 19 20 21 22 23 24 25 26 27 |
---------------+----------------------------------------------------------------------------------+-----
Air Magic      | 5 6 7 9 12 14 15 17 18 19 20 21 22 23 24 25 26 27 | 27.0
Conjurations   | 2 4 5 6 7 8 9 10 12 13 14 15 16 17 18 19 27 | 27.0
Spellcasting   | 3 4 6 8 9 11 12 13 14 15 16 17 18 19 20 21 22 27 | 27.0
Staves         | 1 2 3 4 7 9 12 | 12.9
Stealth        | 3 4 5 6 9 |  9.9
Short Blades   | 1 2 3 5 |  5.4
Dodging        | 3 4 5 6 7 8 9 10 19 | 19.6
Fighting       | 1 2 3 4 18 | 18.5
Shields        | 3 5 8 9 10 11 12 13 14 15 20 | 20.5
Charms         | 2 3 4 9 |  9.1
Summonings     | 1 2 3 5 7 8 12 | 12.2
Translocations | 1 2 3 5 |  5.2
Evocations     | 3 6 8 9 10 11 12 13 14 15 23 | 23.3
Ice Magic      | 1 15 | 15.2
Necromancy     | 1 2 3 10 | 10.3
Fire Magic     | 22 | 22.1
Earth Magic    | 11 | 11.6
Armour         | 1 |  1.4
Maces & Flails | |  0.5

Action                   |  1- 3 |  4- 6 |  7- 9 | 10-12 | 13-15 | 16-18 | 19-21 | 22-24 | 25-27 || total
-------------------------+-------+-------+-------+-------+-------+-------+-------+-------+-------++-------
Melee: Dagger            |     6 |       |    33 |   156 |   156 |     7 |       |       |       ||   358
       Peck              |     1 |     5 |     3 |    23 |    31 |    21 |    23 |    44 |   482 ||   633
       Quarterstaff      |       |    52 |       |       |       |       |       |       |       ||    52
       Kick              |       |    11 |     7 |    48 |    61 |    34 |    31 |    81 |   731 ||  1004
       Morningstar       |       |       |       |       |     1 |       |       |       |       ||     1
       Staff             |       |       |       |       |    23 |   142 |   165 |   291 |  2108 ||  2729
 Cast: Shock             |    28 |    84 |    58 |    50 |    38 |    29 |       |       |       ||   287
       Airstrike         |       |    12 |   107 |   259 |   343 |   242 |   148 |   121 |   314 ||  1546
       Static Discharge  |       |     2 |     5 |    18 |    28 |    31 |     6 |    15 |    44 ||   149
       Lightning Bolt    |       |       |       |    25 |   120 |    70 |    12 |    19 |    33 ||   279
       Force Lance       |       |       |       |     1 |     5 |       |       |       |       ||     6
       Summon Lightning  |       |       |       |       |    44 |    22 |       |     1 |     2 ||    69
       Freezing Cloud    |       |       |       |       |    12 |    16 |     1 |     2 |     3 ||    34
       Deflect Missiles  |       |       |       |       |     1 |     2 |     1 |     1 |    14 ||    19
       Blink             |       |       |       |       |     2 |     6 |     6 |     2 |    31 ||    47
       Tornado           |       |       |       |       |     1 |    58 |    59 |    71 |   547 ||   736
       Chain Lightning   |       |       |       |       |       |    39 |    74 |   100 |   463 ||   676
       Aura of Abjuratio |       |       |       |       |       |       |     9 |     4 |    61 ||    74
       Regeneration      |       |       |       |       |       |       |       |    20 |   231 ||   251
       Bolt of Fire      |       |       |       |       |       |       |       |     4 |    10 ||    14
       Lehudib's Crystal |       |       |       |       |       |       |       |       |   151 ||   151
       Ignition          |       |       |       |       |       |       |       |       |    96 ||    96
       Glaciate          |       |       |       |       |       |       |       |       |    19 ||    19
       Apportation       |       |       |       |       |       |       |       |       |     7 ||     7
       Fire Storm        |       |       |       |       |       |       |       |       |     5 ||     5
 Abil: Fly               |       |     1 |       |       |       |       |       |       |       ||     1
Evoke: Wand              |       |       |       |       |     7 |       |       |     2 |    42 ||    51
       Crystal ball of e |       |       |       |       |       |     3 |     4 |    12 |   156 ||   175
       Phantom mirror    |       |       |       |       |       |       |       |       |     4 ||     4
  Use: Scroll            |       |     6 |     4 |     8 |    11 |    11 |     8 |     5 |    82 ||   135
       Potion            |       |     1 |       |    10 |     4 |     3 |     6 |     3 |    49 ||    76
 Stab: Sleeping          |     1 |     4 |     3 |     2 |       |       |     1 |       |    19 ||    30
       Distracted        |       |       |       |       |     4 |       |       |       |     7 ||    11
  Eat: Chunk             |       |     9 |    26 |    30 |    32 |    60 |    61 |    58 |   218 ||   494
       Ration            |       |     1 |     1 |     2 |     2 |     6 |     4 |     8 |    69 ||    93
Armor: Robe              |     1 |     8 |    16 |    46 |    52 |     7 |       |       |       ||   130
       Animal skin       |       |       |       |       |       |    91 |    77 |   147 |   793 ||  1108
Dodge: Dodged            |    10 |    51 |    52 |   112 |   158 |   194 |   132 |   209 |  2030 ||  2948
       Deflected         |       |       |       |       |     9 |    22 |    57 |    56 |   192 ||   336
Block: Buckler           |       |       |       |    20 |     9 |       |       |   126 |   444 ||   599
       Shield            |       |       |       |       |   101 |   184 |   191 |   167 |  2078 ||  2721
       Reflection        |       |       |       |       |       |     4 |    51 |    42 |   137 ||   234
